 Dungeon Crawl Stone Soup version 0.28-a0-773-g130ae17fe5 (webtiles) character file.

Game seed: 6940873627710407635

0 meatgazer the Skirmisher (level 1, -16/18 HPs)
             Began as a Demonspawn Abyssal Knight on Nov 1, 2021.
             Was a Follower of Lugonu.
             Engulfed by a cloud of flame (31 damage)
             ... on level 2 of the Abyss.
             The game lasted 00:00:40 (154 turns).

meatgazer the Skirmisher (Demonspawn Abyssal Knight) Turns: 154, Time: 00:00:41

Health: -16/18     AC:  3    Str: 13    XL:     1   Next: 0%
Magic:  2/2        EV: 11    Int: 11    God:    Lugonu [*.....]
Gold:   66         SH:  0    Dex: 13    Spells: 0/0 levels left

rFire   . . .      SeeInvis .   a - +1 falchion
rCold   . . .      Faith    .   (no shield)
rNeg    . . .      Spirit   .   b - +0 leather armour
rPois   .          Reflect  .   (no helmet)
rElec   .          Harm     .   (no cloak)
rCorr   .          Rampage  .   (no gloves)
Will    .....                   (no boots)
Stlth   +.........              (no amulet)
HPRegen 0.06/turn               (no ring)
MPRegen 0.08/turn               (no ring)

@: no status effects
A: no striking features
a: Renounce Religion, Depart the Abyss


You were on level 2 of the Abyss.
You worshipped Lugonu.
Lugonu was aware of your devotion.
You visited 0 branches of the dungeon, and saw 0 of its levels.
You visited the Abyss 1 time.

You collected 66 gold pieces.

Inventory:

Hand Weapons
 a - a +1 falchion (weapon)
Armour
 b - a +0 leather armour (worn)


   Skills:
 + Level 3.0 Fighting
 + Level 1.7 Long Blades
 + Level 1.7 Armour
 + Level 0.8 Dodging
 + Level 2.4 Invocations


You couldn't memorise any spells.
You didn't know any spells.
Your spell library was empty.

Dungeon Overview and Level Annotations

Branches:
Dungeon (0/15)

Altars:


Message History

The starspawn tentacle loses its grip on you.
The tentacle pulls you backwards!
A starspawn tentacle segment comes into view.
The starspawn tentacle barely misses you.
A starspawn tentacle and a starspawn tentacle segment come into view.
A tentacle flies out from the starspawn's body!
A starspawn tentacle and a starspawn tentacle segment come into view.
The starspawn tentacle grabs you. The starspawn tentacle constricts you.
The starspawn tentacle's grasp on you weakens, but your attempt to escape fails.
The starspawn tentacle constricts you.
The starspawn tentacle loses its grip on you.
The tentacle pulls you backwards!
A starspawn tentacle segment comes into view.
The starspawn tentacle misses you.
The starspawn tentacle closely misses you.
Found 24 gold pieces.
There is a gateway leading out of the Abyss here.
Tentacles burst from the starspawn's body! 2 starspawn tentacles come into view.
Found a scroll labelled ZENECONNINAA.
Found a longbow.
c - a scroll labelled ZENECONNINAA
As you read the scroll labelled ZENECONNINAA, it crumbles to dust.
You feel strangely unstable.
You feel the power of the Abyss delaying your translocation!
It was a scroll of teleportation.
Tentacles burst from the starspawn's body! 2 starspawn tentacles come into view.
Found a chain mail.
Found 2 scrolls labelled ZYT ROMMUHIDD.
You are suddenly pulled into a different region of the Abyss!
A tentacled starspawn assembles itself!
A quasit comes into view.
The quasit gives a chilling moan.
The quasit barely misses you. The quasit claws you.
The quasit claws you but does no damage.
The quasit closely misses you. The quasit barely misses you. x2
You barely miss the quasit.
You are engulfed in blazing flames.
Ouch! That really hurt!
You die...

.#.. .. ... ..
#.. . .. . .#
##. #. #. #.# #
. #.###5#
#.##.#..@###.
..#....°°○○....
#.#..###○####.
##...## §#
#.#...# °##
..#.#..######
#. #.#. .○ 8#.
.. #..#..# ####
# ##...## #.##


You could see a quasit.

Vanquished Creatures (others)
  9 starspawn tentacles (Abyss:2)
9 creatures vanquished.

Notes
Turn   | Place    | Note
-------+----------+-------------------------------------------
     0 | Abyss:1  | meatgazer the Demonspawn Abyssal Knight began the quest for
                  | the Orb.
     0 | Abyss:1  | Reached XP level 1. HP: 18/18 MP: 2/2
    66 | Abyss:2  | Noticed a tentacled starspawn
   131 | Abyss:2  | Noticed a tentacled starspawn
   149 | Abyss:2  | Noticed a quasit
   154 | Abyss:2  | Engulfed by a cloud of flame

Illustrated notes

Levels and vault maps discovered:
Abyss:2:  base: Temple, hangedman_abyss_or_decor_stabs, minivault_5,
          minivault_25, lemuel_flamethrower_2, hangedman_decor_riveting

Action                   || total
-------------------------++-------
Melee: Falchion          ||     1
  Use: Scroll            ||     1
Armor: Leather armour    ||     1
Dodge: Dodged            ||     7

Table legend: (Time is in decaauts)
 A = Elapsed time spent in this place.
 B = Non-inter-level travel time spent in this place.
 C = Inter-level travel time spent in this place.
 D = Time resting spent in this place.
 E = Time spent auto-exploring this place.
 F = Levels seen in this place.
 G = Mean time per level.
                   A        B        C        D        E       F      G
               +--------+--------+--------+--------+--------+-----+--------+
         Total |    153 |    153 |      0 |      0 |     79 |   2 |   76.5 |
         Abyss |    153 |    153 |      0 |      0 |     79 |   2 |   76.5 |
               +--------+--------+--------+--------+--------+-----+--------+

Top non-repeatable levels by time:
 Abyss:2: 87 daAuts
 Abyss:1: 66 daAuts
